Bears vs Eagles
Created - April 28, 2022 at 19:03
Goals
|
| Bears |
4 |
1 |
0 |
5 |
| Eagles |
1 |
4 |
2 |
7 |
|
Shots
|
| Bears |
13 |
7 |
6 |
26 |
| Eagles |
15 |
16 |
6 |
37 |
|
1st period
1. Bears , Nick Schmaltz 24 (Mike Hoffman 39) at 8:10
2. Eagles , Daniel Carr 25 (Drake Caggiula 36) at 8:16
3. Bears , Joey Laleggia 6 (Nicolas Aube-Kubel 19, Michael Prapavessis 5) at 9:34
4. Bears , Zach Stepan 17 (Nicolas Aube-Kubel 20, Jamie McGinn 21) at 14:55
5. Bears , Kerby Rychel 10 (Angelo Esposito 43) at 16:08 (PP)
Penalties :
Kerby Rychel (Her) for Roughing (Minor) at 1:19, Zach Aston-Reese (Col) for Holding (Minor) at 15:36
2nd period
6. Bears , Mike Hoffman 36 (Brendan Perlini 14, Austin Wuthrich 15) at 5:21
7. Eagles , Nick Cousins 16 (Jonathan Marchessault 36, Tomas Tatar 27) at 6:20
8. Eagles , Jonathan Marchessault 17 (Nick Cousins 29, Tomas Tatar 28) at 13:24 (PP)
9. Eagles , Daniel Carr 26 (Drake Caggiula 37, Matteson Iacopelli 22) at 16:04 (PP)
10. Eagles , Zach Aston-Reese 12 (Joseph Blandisi 21) at 17:17
Penalties :
Zach Aston-Reese (Col) for Tripping (Minor) at 1:04, Taylor Aronson (Her) for Tripping (Minor) at 9:23, Mike Hoffman (Her) for Tripping (Minor) at 12:18, Angelo Esposito (Her) for Elbowing (Minor) at 15:22, Stefan Elliott (Col) for Tripping (Minor) at 17:37
3rd period
11. Eagles , Matteson Iacopelli 11 (Daniel Carr 29, Joseph Blandisi 22) at 9:18
12. Eagles , Matteson Iacopelli 12 (Daniel Carr 30, Drake Caggiula 38) at 19:57 (Empty Net)
Penalties :
Nick Cousins (Col) for Holding (Minor) at 2:11, Antoine Bibeau (Col) for Slashing (Minor) at 5:13 - Zach Aston-Reese served the penalty, Matteson Iacopelli (Col) for Roughing (Minor) at 9:50, Mike Hoffman (Her) for Slashing (Minor) at 12:45
Goalie Stats
Jake Allen (Her), 30 saves from 36 shots - (0.833), L, 18-21-3, 59:29 minutes
Antoine Bibeau (Col), 13 saves from 14 shots - (0.929), W, 6-4-1, 43:52 minutes
Marek Mazanek (Col), 8 saves from 12 shots - (0.667), 16:08 minutes
Players Stats for Bears
Player Name G A P +/- PIM S H SB GA TA FO MP PP MP PK MP
------------------------------------------------------------------------------------
Angelo Esposito 0 1 1 -3 2 0 2 0 0 0 5/13 17:25 4:29 1:33
Austin Wuthrich 0 1 1 0 0 1 1 0 1 0 0/0 9:58 0:05 0:00
Brendan Perlini 0 1 1 0 0 1 1 0 1 1 0/1 11:10 0:05 1:12
Emil Johansson 0 0 0 1 0 0 0 0 0 0 0/0 10:21 0:00 1:18
Gianluca Curcuruto 0 0 0 1 0 1 2 1 2 0 0/0 21:20 4:37 3:55
Jake Virtanen 0 0 0 -3 0 1 2 0 1 0 1/1 15:47 4:29 0:00
Jamie McGinn 0 1 1 2 0 3 0 0 1 0 0/0 14:41 0:00 4:31
Joey Laleggia 1 0 1 -3 0 1 1 3 0 1 0/0 29:21 5:50 3:34
Kerby Rychel 1 0 1 0 2 1 2 0 0 1 0/0 14:34 4:29 0:00
Michael Prapavessis 0 1 1 1 0 1 0 0 0 0 0/0 7:51 0:00 0:00
Mike Hoffman 1 1 2 -3 4 4 0 1 1 1 0/1 17:18 5:53 0:00
Nick Schmaltz 1 0 1 0 0 2 0 0 0 0 1/2 18:22 5:53 2:02
Nicolas Aube-Kubel 0 2 2 2 0 2 0 0 1 0 0/0 10:02 0:00 0:00
Sergey Kalinin 0 0 0 0 0 1 1 0 2 0 12/26 20:04 5:53 3:50
Taylor Aronson 0 0 0 -3 2 4 0 1 0 1 0/0 29:54 5:50 2:48
Tommy Vannelli 0 0 0 1 0 1 0 0 0 0 0/0 21:20 4:37 3:55
Trent Frederic 0 0 0 0 0 0 0 1 0 0 3/5 9:29 0:00 0:00
Zach Stepan 1 0 1 2 0 2 0 0 0 0 11/17 13:13 0:05 2:22
Players Stats for Eagles
Player Name G A P +/- PIM S H SB GA TA FO MP PP MP PK MP
------------------------------------------------------------------------------------
Anthony Duclair 0 0 0 -1 0 3 0 0 0 0 0/0 6:21 0:08 1:19
Chris Calhan 0 0 0 1 0 1 1 0 0 0 0/0 10:25 0:25 0:00
Connor Carrick 0 0 0 -2 0 1 1 1 0 0 0/0 8:04 0:00 0:18
Daniel Carr 2 2 4 1 0 3 1 0 2 2 2/2 22:45 3:52 5:42
Drake Caggiula 0 3 3 1 0 4 3 1 1 0 6/14 16:58 3:52 0:03
Jarred Tinordi 0 0 0 -1 0 1 1 1 0 3 0/0 26:41 4:25 6:06
John Ramage 0 0 0 4 0 3 1 0 0 0 0/0 20:40 3:20 4:21
Jonathan Marchessault 1 1 2 0 0 2 2 1 1 1 15/32 19:26 3:19 3:18
Jonathan Racine 0 0 0 0 0 0 0 0 0 0 0/0 5:06 0:00 0:00
Joseph Blandisi 0 2 2 1 0 1 2 1 0 0 0/0 10:00 0:00 0:00
Keaton Middleton 0 0 0 1 0 0 0 0 0 0 0/0 2:11 0:00 0:00
Mark Friedman 0 0 0 0 0 0 0 0 0 0 0/0 5:06 0:00 0:00
Matteson Iacopelli 2 1 3 1 2 2 1 1 0 1 0/0 16:52 3:52 0:00
Max Lajoie 0 0 0 0 0 0 0 0 0 0 0/0 1:01 0:00 1:01
Michael Dal Colle 0 0 0 0 0 0 0 0 0 0 0/0 2:42 0:00 2:07
Nick Cousins 1 1 2 0 2 2 2 0 1 1 0/3 18:40 3:19 2:33
Pius Suter 0 0 0 0 0 0 0 0 0 0 0/0 1:35 0:34 0:00
Ryan Murphy 0 0 0 3 0 1 0 0 0 0 0/0 18:05 3:20 4:10
Sam Steel 0 0 0 -1 0 0 0 0 0 0 1/1 2:41 0:37 0:00
Stefan Elliott 0 0 0 -1 2 4 0 1 0 2 0/0 25:33 4:25 4:58
Tomas Tatar 0 2 2 0 0 6 0 0 0 0 6/9 25:51 3:17 5:52
Tyler Motte 0 0 0 -1 0 1 1 0 0 0 1/1 4:43 0:00 0:00
Xavier Ouellet 0 0 0 -2 0 0 0 0 0 0 0/0 7:33 0:00 0:00
Zach Aston-Reese 1 0 1 1 4 2 1 0 0 0 2/4 10:29 0:00 0:00
3 Stars
1 - Daniel Carr (Col)
2 - Matteson Iacopelli (Col)
3 - Drake Caggiula (Col)
Power Play
Bears - 1 on 6 Attempt(s) - 16.67%
Eagles - 2 on 5 Attempt(s) - 40.00%
Penalty Kill
Bears - 3 on 5 Attempt(s) - 60.00%
- Score 0 goal in Penalty Kill
Eagles - 5 on 6 Attempt(s) - 83.33%
- Score 0 goal in Penalty Kill
Team Stat
Bears - Hits : 12 - Faceoff Wins : 33 - Blocked Shots : 7 - Penalty Minutes : 10
Eagles - Hits : 17 - Faceoff Wins : 33 - Blocked Shots : 7 - Penalty Minutes : 12
Official
Referees : Pierre Lambert and Tim Peel
Linesman : Travis Gawryletz and Kyle Flemington
Game Notes
Antoine Bibeau enters game at 16:08 of 1st period
Ryan Murphy is injured at 17:20 of 3rd period (Groin)
Matteson Iacopelli has scored in a empty net!
Finance
Level 1 -- Attendance: 1725 (86.25%) -- Ticket Income $60,375
Level 2 -- Attendance: 896 (89.60%) -- Ticket Income $13,440
Total Attendance: 2621 (87.37%)
Total Ticket Income: $73,815
Other Income: $3,691
Total Income: $77,506
Bears
5 vs 5 Forward
Center Left Wing Right Wing Time % Phy DF OF
1 Sergey Kalinin Kerby Rychel Nick Schmaltz 27 0 1 4
2 Angelo Esposito Mike Hoffman Jake Virtanen 25 0 2 3
3 Zach Stepan Jamie McGinn Nicolas Aube-Kubel 25 0 2 3
4 Trent Frederic Brendan Perlini Austin Wuthrich 23 0 2 3
5 vs 5 Defense
Defense Defense Time % Phy DF OF
1 Joey Laleggia Taylor Aronson 40 0 2 3
2 Gianluca Curcuruto Tommy Vannelli 30 0 2 3
3 Michael Prapavessis Emil Johansson 20 0 3 2
4 Joey Laleggia Taylor Aronson 10 0 2 3
PowerPlay Forward
Center Left Wing Right Wing Time % Phy DF OF
1 Sergey Kalinin Mike Hoffman Nick Schmaltz 60 0 1 4
2 Angelo Esposito Kerby Rychel Jake Virtanen 40 0 1 4
PowerPlay Defense
Defense Defense Time % Phy DF OF
1 Joey Laleggia Taylor Aronson 60 0 2 3
2 Gianluca Curcuruto Tommy Vannelli 40 0 2 3
Penalty Kill 4 Players Forward
Center Wing Time % Phy DF OF
1 Sergey Kalinin Jamie McGinn 60 0 4 1
2 Zach Stepan Nick Schmaltz 40 0 4 1
Penalty Kill 4 Players Defense
Defense Defense Time % Phy DF OF
1 Joey Laleggia Taylor Aronson 60 0 4 1
2 Gianluca Curcuruto Tommy Vannelli 40 0 4 1
Penalty Kill - 3 Players Forward
Forward Time % Phy DF OF
1 Sergey Kalinin 60 0 5 0
2 Zach Stepan 40 0 5 0
Penalty Kill - 3 Players Defense
Defense Defense Time % Phy DF OF
1 Joey Laleggia Taylor Aronson 60 0 5 0
2 Gianluca Curcuruto Michael Prapavessis 40 0 5 0
4 vs 4 Forward
Center Wing Time % Phy DF OF
1 Sergey Kalinin Jake Virtanen 55 0 2 3
2 Angelo Esposito Nick Schmaltz 45 0 2 3
4 vs 4 Defense
Defense Defense Time % Phy DF OF
1 Joey Laleggia Taylor Aronson 60 0 2 3
2 Gianluca Curcuruto Tommy Vannelli 40 0 2 3
Last Minutes Offensive
Center Left Wing Right Wing Defense Defense
Sergey Kalinin Kerby Rychel Nick Schmaltz Joey Laleggia Taylor Aronson
Last Minutes Defensive
Center Left Wing Right Wing Defense Defense
Sergey Kalinin Kerby Rychel Nick Schmaltz Joey Laleggia Taylor Aronson
Goaltenders
Starting : Jake Allen
Backup : Joni Ortio
Extra Forwards
Normal : Nick Schmaltz, Jake Virtanen, Sergey Kalinin - PP : Jake Virtanen, Nick Schmaltz - PK : Sergey Kalinin
Extra Defensemen
Normal : Joey Laleggia, Taylor Aronson, Gianluca Curcuruto - PP : Taylor Aronson - PK : Joey Laleggia, Taylor Aronson
Penalty Shots
Brendan Perlini, Nick Schmaltz, Jake Virtanen, Nicolas Aube-Kubel, Sergey Kalinin
Scratches
Brett Bulmer (Healthy), Caleb Jones (Healthy), Colby Cave (Healthy), Derek Forbort (Sprained Right Ankle Injury), Jakob Lilja (Healthy)
Jesper Pettersson (Healthy), Mackenze Stewart (Healthy), Mikko Vainonen (Broken Right Foot Toe Injury), Nikolay Prokhorkin (Healthy), Ryan Graves (Healthy)
Vincent Dunn (Healthy), Warren Foegele (Healthy), Logan O'Connor (Healthy), Nicholas Caamano (Healthy), Jakob Stenqvist (Healthy)
Arvid Henrikson (Healthy)
Eagles
5 vs 5 Forward
Center Left Wing Right Wing Time % Phy DF OF
1 Jonathan Marchessault Tomas Tatar Nick Cousins 40 1 2 2
2 Drake Caggiula Daniel Carr Matteson Iacopelli 30 1 2 2
3 Zach Aston-Reese Joseph Blandisi Chris Calhan 20 1 2 2
4 Tyler Motte Anthony Duclair Tomas Tatar 10 1 2 2
5 vs 5 Defense
Defense Defense Time % Phy DF OF
1 Jarred Tinordi Stefan Elliott 40 1 2 2
2 John Ramage Ryan Murphy 30 1 2 2
3 Connor Carrick Xavier Ouellet 20 1 2 2
4 Jonathan Racine Mark Friedman 10 1 2 2
PowerPlay Forward
Center Left Wing Right Wing Time % Phy DF OF
1 Jonathan Marchessault Tomas Tatar Nick Cousins 60 1 2 2
2 Drake Caggiula Daniel Carr Matteson Iacopelli 40 1 2 2
PowerPlay Defense
Defense Defense Time % Phy DF OF
1 Jarred Tinordi Stefan Elliott 60 1 2 2
2 John Ramage Ryan Murphy 40 1 2 2
Penalty Kill 4 Players Forward
Center Wing Time % Phy DF OF
1 Tomas Tatar Daniel Carr 60 1 2 2
2 Jonathan Marchessault Nick Cousins 40 1 2 2
Penalty Kill 4 Players Defense
Defense Defense Time % Phy DF OF
1 Jarred Tinordi Stefan Elliott 60 1 2 2
2 John Ramage Ryan Murphy 40 1 2 2
Penalty Kill - 3 Players Forward
Forward Time % Phy DF OF
1 Tomas Tatar 60 1 2 2
2 Daniel Carr 40 1 2 2
Penalty Kill - 3 Players Defense
Defense Defense Time % Phy DF OF
1 Jarred Tinordi Stefan Elliott 60 1 2 2
2 John Ramage Ryan Murphy 40 1 2 2
4 vs 4 Forward
Center Wing Time % Phy DF OF
1 Tomas Tatar Daniel Carr 60 1 2 2
2 Jonathan Marchessault Nick Cousins 40 1 2 2
4 vs 4 Defense
Defense Defense Time % Phy DF OF
1 Jarred Tinordi Stefan Elliott 60 1 2 2
2 John Ramage Ryan Murphy 40 1 2 2
Last Minutes Offensive
Center Left Wing Right Wing Defense Defense
Jonathan Marchessault Tomas Tatar Nick Cousins Jarred Tinordi Stefan Elliott
Last Minutes Defensive
Center Left Wing Right Wing Defense Defense
Jonathan Marchessault Tomas Tatar Nick Cousins Jarred Tinordi Stefan Elliott
Goaltenders
Starting : Marek Mazanek
Backup : Antoine Bibeau
Extra Forwards
Normal : Sam Steel, Pius Suter, Michael Dal Colle - PP : Sam Steel, Pius Suter - PK : Michael Dal Colle
Extra Defensemen
Normal : Keaton Middleton, Max Lajoie, Connor Carrick - PP : Keaton Middleton - PK : Max Lajoie, Connor Carrick
Penalty Shots
Tomas Tatar, Daniel Carr, Jonathan Marchessault, Nick Cousins, Drake Caggiula
Scratches
Dominik Kubalik (Healthy), Jared McCann (Bruised Right Arm Injury), Pascal Laberge (Healthy), Adin Hill (Healthy)
% Time on Ice - Bears
Lines # - Real PCT - Wanted PCT - Time Play
Normal Forward
1 - 25% - 27% - 10:33
2 - 28% - 25% - 11:44
3 - 24% - 25% - 10:02
4 - 23% - 23% - 9:29
Normal Defense
1 - 46% - 40% - 19:06
2 - 31% - 30% - 12:48
3 - 19% - 20% - 7:51
4 - 5% - 10% - 2:03
PP Forward
1 - 57% - 60% - 5:58
2 - 43% - 40% - 4:29
PP Defense
1 - 56% - 60% - 5:50
2 - 44% - 40% - 4:37
PK Forward
1 - 69% - 60% - 5:23
2 - 31% - 40% - 2:22
PK Defense
1 - 49% - 60% - 3:50
2 - 51% - 40% - 3:55
PK3 Forward
1 - 0% - 60%
2 - 0% - 40%
PK3 Defense
1 - 0% - 60%
2 - 0% - 40%
44 Forward
1 - 0% - 55%
2 - 0% - 45%
44 Defense
1 - 0% - 60%
2 - 0% - 40%
Last Minute Offensive - 0:00
Last Minute Defensive - 0:00
Total
Forward - 60:00
Defense - 60:00
|
% Time on Ice - Eagles
Lines # - Real PCT - Wanted PCT - Time Play
Normal Forward
1 - 32% - 40% - 13:24
2 - 33% - 30% - 13:41
3 - 24% - 20% - 10:00
4 - 11% - 10% - 4:43
Normal Defense
1 - 39% - 40% - 16:23
2 - 31% - 30% - 12:46
3 - 18% - 20% - 7:33
4 - 12% - 10% - 5:06
PP Forward
1 - 50% - 60% - 3:53
2 - 50% - 40% - 3:52
PP Defense
1 - 57% - 60% - 4:25
2 - 43% - 40% - 3:20
PK Forward
1 - 68% - 60% - 7:09
2 - 32% - 40% - 3:18
PK Defense
1 - 60% - 60% - 6:17
2 - 40% - 40% - 4:10
PK3 Forward
1 - 0% - 60%
2 - 0% - 40%
PK3 Defense
1 - 0% - 60%
2 - 0% - 40%
44 Forward
1 - 0% - 60%
2 - 0% - 40%
44 Defense
1 - 0% - 60%
2 - 0% - 40%
Last Minute Offensive - 0:00
Last Minute Defensive - 0:00
Total
Forward - 60:00
Defense - 60:00
|
Play-by-Play
1st period
0:01 of 1st period - Sergey Kalinin wins face-off versus Jonathan Marchessault in neutral zone.
0:09 of 1st period - Off-side.
0:10 of 1st period - Jonathan Marchessault wins face-off versus Sergey Kalinin in neutral zone.
0:56 of 1st period - Slapshot by Stefan Elliott.
0:56 of 1st period - Stopped by Jake Allen with a rebound.
1:19 of 1st period - Minor Penalty to Kerby Rychel for Roughing.
1:20 of 1st period - Drake Caggiula wins face-off versus Angelo Esposito in Bears zone.
3:01 of 1st period - Slapshot by Pius Suter.
3:01 of 1st period - Shot Misses the Net.
3:19 of 1st period - Penalty to Kerby Rychel is over, Kerby Rychel is back on ice.
4:23 of 1st period - Jonathan Racine is hit by Kerby Rychel and loses puck.
4:58 of 1st period - Jamie McGinn is hit by John Ramage and loses puck.
5:09 of 1st period - Zach Stepan is hit by Zach Aston-Reese and loses puck.
5:34 of 1st period - Snap shot by Austin Wuthrich.
5:34 of 1st period - Shot Blocked by Connor Carrick.
5:46 of 1st period - Tommy Vannelli is hit by Joseph Blandisi and loses puck.
6:31 of 1st period - Snap shot by Anthony Duclair.
6:31 of 1st period - Stopped by Jake Allen with a rebound.
6:33 of 1st period - Snap shot by Tyler Motte.
6:33 of 1st period - Stopped by Jake Allen without a rebound.
6:34 of 1st period - Zach Stepan wins face-off versus Drake Caggiula in Bears zone.
7:05 of 1st period - Slapshot by Joseph Blandisi.
7:05 of 1st period - Shot Misses the Net.
7:07 of 1st period - Snap shot by Joseph Blandisi.
7:07 of 1st period - Stopped by Jake Allen without a rebound.
7:08 of 1st period - Drake Caggiula wins face-off versus Brendan Perlini in Bears zone.
7:13 of 1st period - Snap shot by Drake Caggiula.
7:13 of 1st period - Stopped by Jake Allen without a rebound.
7:14 of 1st period - Trent Frederic wins face-off versus Drake Caggiula in Bears zone.
7:25 of 1st period - Snap shot by Drake Caggiula.
7:25 of 1st period - Shot Blocked by Trent Frederic.
7:37 of 1st period - Snap shot by Brendan Perlini.
7:37 of 1st period - Shot Blocked by Matteson Iacopelli.
7:39 of 1st period - Slapshot by Tommy Vannelli.
7:39 of 1st period - Deflect By Brendan Perlini.
7:39 of 1st period - Stopped by Marek Mazanek without a rebound.
7:40 of 1st period - Zach Stepan wins face-off versus Nick Cousins in Eagles zone.
8:10 of 1st period - Wrist shot by Nick Schmaltz.
8:10 of 1st period - Goal by Nick Schmaltz - Bears : 1 - Eagles : 0.
8:11 of 1st period - Drake Caggiula wins face-off versus Angelo Esposito in neutral zone.
8:16 of 1st period - Wrist shot by Daniel Carr.
8:16 of 1st period - Goal by Daniel Carr - Bears : 1 - Eagles : 1.
8:17 of 1st period - Angelo Esposito wins face-off versus Drake Caggiula in neutral zone.
9:06 of 1st period - Wrist shot by Austin Wuthrich.
9:06 of 1st period - Stopped by Marek Mazanek without a rebound.
9:07 of 1st period - Trent Frederic wins face-off versus Drake Caggiula in Eagles zone.
9:08 of 1st period - Wrist shot by Brendan Perlini.
9:08 of 1st period - Shot Blocked by Drake Caggiula.
9:32 of 1st period - Snap shot by Nicolas Aube-Kubel.
9:32 of 1st period - Deflect By Connor Carrick.
9:32 of 1st period - Stopped by Marek Mazanek with a rebound.
9:34 of 1st period - Slapshot by Joey Laleggia.
9:34 of 1st period - Goal by Joey Laleggia - Bears : 2 - Eagles : 1.
9:35 of 1st period - Angelo Esposito wins face-off versus Jonathan Marchessault in neutral zone.
9:38 of 1st period - Backhand shot by Taylor Aronson.
9:38 of 1st period - Deflect By Jarred Tinordi.
9:38 of 1st period - Stopped by Marek Mazanek without a rebound.
9:39 of 1st period - Angelo Esposito wins face-off versus Jonathan Marchessault in Eagles zone.
9:40 of 1st period - Slapshot by Jake Virtanen.
9:40 of 1st period - Shot Blocked by Stefan Elliott.
10:49 of 1st period - Wrist shot by Tomas Tatar.
10:49 of 1st period - Stopped by Jake Allen with a rebound.
11:13 of 1st period - Snap shot by Daniel Carr.
11:13 of 1st period - Stopped by Jake Allen without a rebound.
11:14 of 1st period - Angelo Esposito wins face-off versus Drake Caggiula in Bears zone.
11:19 of 1st period - Snap shot by Mike Hoffman.
11:19 of 1st period - Stopped by Marek Mazanek with a rebound.
11:21 of 1st period - Snap shot by Jake Virtanen.
11:21 of 1st period - Stopped by Marek Mazanek without a rebound.
11:22 of 1st period - Zach Stepan wins face-off versus Jonathan Marchessault in Eagles zone.
11:49 of 1st period - Snap shot by Nick Cousins.
11:49 of 1st period - Shot Misses the Net.
12:09 of 1st period - Angelo Esposito is hit by Matteson Iacopelli and loses puck.
12:25 of 1st period - Icing by Ryan Murphy.
12:26 of 1st period - Tyler Motte wins face-off versus Trent Frederic in Eagles zone.
12:31 of 1st period - Wrist shot by Anthony Duclair.
12:31 of 1st period - Shot Misses the Net.
12:39 of 1st period - Wrist shot by Anthony Duclair.
12:39 of 1st period - Stopped by Jake Allen with a rebound.
12:41 of 1st period - Slapshot by Tomas Tatar.
12:41 of 1st period - Stopped by Jake Allen with a rebound.
13:21 of 1st period - Wrist shot by Joseph Blandisi.
13:21 of 1st period - Deflect By Chris Calhan.
13:21 of 1st period - Stopped by Jake Allen without a rebound.
13:22 of 1st period - Jonathan Marchessault wins face-off versus Angelo Esposito in Bears zone.
13:56 of 1st period - Snap shot by Jamie McGinn.
13:56 of 1st period - Stopped by Marek Mazanek with a rebound.
13:58 of 1st period - Wrist shot by Nicolas Aube-Kubel.
13:58 of 1st period - Shot Misses the Net.
14:00 of 1st period - Slapshot by Jamie McGinn.
14:00 of 1st period - Stopped by Marek Mazanek without a rebound.
14:01 of 1st period - Sergey Kalinin wins face-off versus Nick Cousins in Eagles zone.
14:10 of 1st period - Slapshot by Kerby Rychel.
14:10 of 1st period - Shot Misses the Net.
14:12 of 1st period - Snap shot by Nick Schmaltz.
14:12 of 1st period - Shot Blocked by Jonathan Marchessault.
14:55 of 1st period - Wrist shot by Nicolas Aube-Kubel.
14:55 of 1st period - Deflect By Zach Stepan.
14:55 of 1st period - Goal by Zach Stepan - Bears : 3 - Eagles : 1.
14:56 of 1st period - Jonathan Marchessault wins face-off versus Mike Hoffman in neutral zone.
15:36 of 1st period - Minor Penalty to Zach Aston-Reese for Holding.
15:37 of 1st period - Tomas Tatar wins face-off versus Sergey Kalinin in Eagles zone.
16:03 of 1st period - Stefan Elliott is hit by Kerby Rychel and loses puck.
16:08 of 1st period - Snap shot by Kerby Rychel.
16:08 of 1st period - Goal by Kerby Rychel - Bears : 4 - Eagles : 1.
16:08 of 1st period - Antoine Bibeau enters game.
16:09 of 1st period - Zach Stepan wins face-off versus Jonathan Marchessault in neutral zone.
16:22 of 1st period - Snap shot by Nick Cousins.
16:22 of 1st period - Shot Misses the Net.
16:34 of 1st period - Stefan Elliott is hit by Brendan Perlini.
17:02 of 1st period - Slapshot by Mike Hoffman.
17:02 of 1st period - Shot Misses the Net.
17:04 of 1st period - Snap shot by Jake Virtanen.
17:04 of 1st period - Deflect By Angelo Esposito.
17:04 of 1st period - Shot Misses the Net.
17:04 of 1st period - Puck is out of play.
17:05 of 1st period - Jonathan Marchessault wins face-off versus Sergey Kalinin in Eagles zone.
17:09 of 1st period - Off-side.
17:10 of 1st period - Jonathan Marchessault wins face-off versus Sergey Kalinin in neutral zone.
17:17 of 1st period - Wrist shot by Jonathan Marchessault.
17:17 of 1st period - Shot Misses the Net.
17:19 of 1st period - Snap shot by Jonathan Marchessault.
17:19 of 1st period - Deflect By Tomas Tatar.
17:19 of 1st period - Stopped by Jake Allen without a rebound.
17:20 of 1st period - Jonathan Marchessault wins face-off versus Angelo Esposito in Bears zone.
17:21 of 1st period - Snap shot by Nick Cousins.
17:21 of 1st period - Shot Misses the Net.
17:23 of 1st period - Snap shot by Stefan Elliott.
17:23 of 1st period - Stopped by Jake Allen with a rebound.
17:25 of 1st period - Wrist shot by Jonathan Marchessault.
17:25 of 1st period - Shot Blocked by Mike Hoffman.
17:47 of 1st period - Trent Frederic is hit by Jarred Tinordi and loses puck.
18:12 of 1st period - Snap shot by Stefan Elliott.
18:12 of 1st period - Shot Blocked by Gianluca Curcuruto.
18:14 of 1st period - Snap shot by Zach Aston-Reese.
18:14 of 1st period - Shot Misses the Net.
18:16 of 1st period - Slapshot by Stefan Elliott.
18:16 of 1st period - Stopped by Jake Allen without a rebound.
18:17 of 1st period - Sergey Kalinin wins face-off versus Jonathan Marchessault in Bears zone.
18:22 of 1st period - Wrist shot by Taylor Aronson.
18:22 of 1st period - Stopped by Antoine Bibeau with a rebound.
18:30 of 1st period - Slapshot by Nick Cousins.
18:30 of 1st period - Shot Misses the Net.
18:32 of 1st period - Snap shot by Nick Cousins.
18:32 of 1st period - Deflect By Jonathan Marchessault.
18:32 of 1st period - Stopped by Jake Allen without a rebound.
18:33 of 1st period - Drake Caggiula wins face-off versus Zach Stepan in Bears zone.
18:49 of 1st period - Off-side.
18:50 of 1st period - Jonathan Marchessault wins face-off versus Sergey Kalinin in neutral zone.
Goals for this period are 4 for Bears vs 1 for Eagles.
Shots for this period are 13 for Bears vs 15 for Eagles.
2nd period
0:01 of 2nd period - Jake Virtanen wins face-off versus Jonathan Marchessault in neutral zone.
0:31 of 2nd period - Taylor Aronson is hit by Drake Caggiula and loses puck.
0:56 of 2nd period - Snap shot by Sergey Kalinin.
0:56 of 2nd period - Shot Misses the Net.
0:58 of 2nd period - Backhand shot by Nick Schmaltz.
0:58 of 2nd period - Shot Blocked by Jarred Tinordi.
1:04 of 2nd period - Minor Penalty to Zach Aston-Reese for Tripping.
1:05 of 2nd period - Tomas Tatar wins face-off versus Sergey Kalinin in Eagles zone.
1:34 of 2nd period - Tomas Tatar is hit by Gianluca Curcuruto.
3:04 of 2nd period - Penalty to Zach Aston-Reese is over, Zach Aston-Reese is back on ice.
3:04 of 2nd period - Tommy Vannelli is hit by Daniel Carr and loses puck.
3:33 of 2nd period - Snap shot by Ryan Murphy.
3:33 of 2nd period - Stopped by Jake Allen without a rebound.
3:34 of 2nd period - Zach Aston-Reese wins face-off versus Zach Stepan in Bears zone.
5:21 of 2nd period - Slapshot by Mike Hoffman.
5:21 of 2nd period - Goal by Mike Hoffman - Bears : 5 - Eagles : 1.
5:22 of 2nd period - Daniel Carr wins face-off versus Sergey Kalinin in neutral zone.
5:31 of 2nd period - Slapshot by Drake Caggiula.
5:31 of 2nd period - Stopped by Jake Allen without a rebound.
5:32 of 2nd period - Drake Caggiula wins face-off versus Sergey Kalinin in Bears zone.
5:41 of 2nd period - Slapshot by Drake Caggiula.
5:41 of 2nd period - Stopped by Jake Allen without a rebound.
5:42 of 2nd period - Angelo Esposito wins face-off versus Jonathan Marchessault in Bears zone.
5:42 of 2nd period - Angelo Esposito is hit by Nick Cousins.
5:48 of 2nd period - Slapshot by Nick Cousins.
5:48 of 2nd period - Stopped by Jake Allen with a rebound.
5:50 of 2nd period - Slapshot by Stefan Elliott.
5:50 of 2nd period - Deflect By Jake Virtanen.
5:50 of 2nd period - Stopped by Jake Allen without a rebound.
5:51 of 2nd period - Jonathan Marchessault wins face-off versus Angelo Esposito in Bears zone.
6:18 of 2nd period - Wrist shot by Nick Cousins.
6:18 of 2nd period - Shot Blocked by Taylor Aronson.
6:20 of 2nd period - Snap shot by Nick Cousins.
6:20 of 2nd period - Goal by Nick Cousins - Bears : 5 - Eagles : 2.
6:21 of 2nd period - Drake Caggiula wins face-off versus Sergey Kalinin in neutral zone.
6:28 of 2nd period - Slapshot by Drake Caggiula.
6:28 of 2nd period - Stopped by Jake Allen with a rebound.
6:32 of 2nd period - Backhand shot by Daniel Carr.
6:32 of 2nd period - Shot Misses the Net.
6:34 of 2nd period - Slapshot by John Ramage.
6:34 of 2nd period - Stopped by Jake Allen without a rebound.
6:35 of 2nd period - Jonathan Marchessault wins face-off versus Zach Stepan in Bears zone.
7:07 of 2nd period - Ryan Murphy is hit by Sergey Kalinin and loses puck.
7:48 of 2nd period - Wrist shot by Anthony Duclair.
7:48 of 2nd period - Stopped by Jake Allen without a rebound.
7:49 of 2nd period - Sergey Kalinin wins face-off versus Jonathan Marchessault in Bears zone.
7:56 of 2nd period - Snap shot by Gianluca Curcuruto.
7:56 of 2nd period - Stopped by Antoine Bibeau with a rebound.
8:40 of 2nd period - Wrist shot by Mike Hoffman.
8:40 of 2nd period - Stopped by Antoine Bibeau with a rebound.
8:42 of 2nd period - Slapshot by Tommy Vannelli.
8:42 of 2nd period - Stopped by Antoine Bibeau without a rebound.
8:43 of 2nd period - Jonathan Marchessault wins face-off versus Angelo Esposito in Eagles zone.
8:58 of 2nd period - Snap shot by Tomas Tatar.
8:58 of 2nd period - Stopped by Jake Allen with a rebound.
9:08 of 2nd period - Stefan Elliott is hit by Joey Laleggia.
9:23 of 2nd period - Minor Penalty to Taylor Aronson for Tripping.
9:24 of 2nd period - Sergey Kalinin wins face-off versus Jonathan Marchessault in Bears zone.
10:54 of 2nd period - Daniel Carr is hit by Angelo Esposito and loses puck.
11:08 of 2nd period - Icing by Stefan Elliott.
11:09 of 2nd period - Nick Schmaltz wins face-off versus Drake Caggiula in Eagles zone.
11:23 of 2nd period - Penalty to Taylor Aronson is over, Taylor Aronson is back on ice.
12:18 of 2nd period - Minor Penalty to Mike Hoffman for Tripping.
12:19 of 2nd period - Sergey Kalinin wins face-off versus Jonathan Marchessault in Bears zone.
12:48 of 2nd period - Slapshot by Jarred Tinordi.
12:48 of 2nd period - Stopped by Jake Allen without a rebound.
12:49 of 2nd period - Zach Stepan wins face-off versus Drake Caggiula in Bears zone.
13:24 of 2nd period - Wrist shot by Jonathan Marchessault.
13:24 of 2nd period - Goal by Jonathan Marchessault - Bears : 5 - Eagles : 3.
13:25 of 2nd period - Zach Stepan wins face-off versus Jonathan Marchessault in neutral zone.
14:13 of 2nd period - Jarred Tinordi is hit by Gianluca Curcuruto and loses puck.
14:26 of 2nd period - Wrist shot by Kerby Rychel.
14:26 of 2nd period - Shot Misses the Net.
14:28 of 2nd period - Wrist shot by Nick Schmaltz.
14:28 of 2nd period - Stopped by Antoine Bibeau without a rebound.
14:29 of 2nd period - Jonathan Marchessault wins face-off versus Zach Stepan in Eagles zone.
14:54 of 2nd period - Trent Frederic is hit by Connor Carrick and loses puck.
15:01 of 2nd period - Slapshot by Zach Aston-Reese.
15:01 of 2nd period - Shot Blocked by Joey Laleggia.
15:22 of 2nd period - Minor Penalty to Angelo Esposito for Elbowing.
15:23 of 2nd period - Sergey Kalinin wins face-off versus Jonathan Marchessault in Bears zone.
15:49 of 2nd period - Icing by Matteson Iacopelli.
15:50 of 2nd period - Sergey Kalinin wins face-off versus Drake Caggiula in Eagles zone.
16:04 of 2nd period - Snap shot by Daniel Carr.
16:04 of 2nd period - Goal by Daniel Carr - Bears : 5 - Eagles : 4.
16:05 of 2nd period - Zach Stepan wins face-off versus Jonathan Marchessault in neutral zone.
16:08 of 2nd period - Snap shot by Joey Laleggia.
16:08 of 2nd period - Shot Misses the Net.
16:10 of 2nd period - Slapshot by Jamie McGinn.
16:10 of 2nd period - Stopped by Antoine Bibeau without a rebound.
16:11 of 2nd period - Zach Stepan wins face-off versus Jonathan Marchessault in Eagles zone.
16:16 of 2nd period - Slapshot by Zach Stepan.
16:16 of 2nd period - Stopped by Antoine Bibeau without a rebound.
16:17 of 2nd period - Zach Stepan wins face-off versus Jonathan Marchessault in Eagles zone.
17:10 of 2nd period - Sergey Kalinin is hit by Chris Calhan and loses puck.
17:17 of 2nd period - Backhand shot by Zach Aston-Reese.
17:17 of 2nd period - Goal by Zach Aston-Reese - Bears : 5 - Eagles : 5.
17:18 of 2nd period - Trent Frederic wins face-off versus Jonathan Marchessault in neutral zone.
17:22 of 2nd period - Icing by Trent Frederic.
17:23 of 2nd period - Jonathan Marchessault wins face-off versus Trent Frederic in Bears zone.
17:28 of 2nd period - Snap shot by Jonathan Marchessault.
17:28 of 2nd period - Shot Misses the Net.
17:37 of 2nd period - Minor Penalty to Stefan Elliott for Tripping.
17:38 of 2nd period - Sergey Kalinin wins face-off versus Tomas Tatar in Eagles zone.
17:38 of 2nd period - Snap shot by Mike Hoffman.
17:38 of 2nd period - Shot Misses the Net.
19:24 of 2nd period - Nick Schmaltz is hit by Jonathan Marchessault and loses puck.
19:31 of 2nd period - Snap shot by Nick Cousins.
19:31 of 2nd period - Shot Blocked by Joey Laleggia.
19:37 of 2nd period - Penalty to Stefan Elliott is over, Stefan Elliott is back on ice.
19:47 of 2nd period - Snap shot by Zach Aston-Reese.
19:47 of 2nd period - Stopped by Jake Allen with a rebound.
19:49 of 2nd period - Slapshot by Connor Carrick.
19:49 of 2nd period - Stopped by Jake Allen without a rebound.
19:50 of 2nd period - Zach Aston-Reese wins face-off versus Zach Stepan in Bears zone.
Goals for this period are 1 for Bears vs 4 for Eagles.
Shots for this period are 7 for Bears vs 16 for Eagles.
3rd period
0:01 of 3rd period - Tomas Tatar wins face-off versus Angelo Esposito in neutral zone.
0:50 of 3rd period - Wrist shot by Jamie McGinn.
0:50 of 3rd period - Shot Blocked by Joseph Blandisi.
1:14 of 3rd period - Slapshot by Tomas Tatar.
1:14 of 3rd period - Stopped by Jake Allen without a rebound.
1:15 of 3rd period - Daniel Carr wins face-off versus Angelo Esposito in Bears zone.
2:05 of 3rd period - Icing by John Ramage.
2:06 of 3rd period - Sergey Kalinin wins face-off versus Nick Cousins in Eagles zone.
2:09 of 3rd period - Slapshot by Sergey Kalinin.
2:09 of 3rd period - Stopped by Antoine Bibeau with a rebound.
2:11 of 3rd period - Minor Penalty to Nick Cousins for Holding.
2:12 of 3rd period - Tomas Tatar wins face-off versus Sergey Kalinin in Eagles zone.
2:25 of 3rd period - Snap shot by Joey Laleggia.
2:25 of 3rd period - Shot Misses the Net.
2:27 of 3rd period - Snap shot by Taylor Aronson.
2:27 of 3rd period - Stopped by Antoine Bibeau with a rebound.
2:43 of 3rd period - Slapshot by Taylor Aronson.
2:43 of 3rd period - Stopped by Antoine Bibeau without a rebound.
2:44 of 3rd period - Jonathan Marchessault wins face-off versus Sergey Kalinin in Eagles zone.
3:09 of 3rd period - Angelo Esposito is hit by Jonathan Marchessault and loses puck.
4:11 of 3rd period - Penalty to Nick Cousins is over, Nick Cousins is back on ice.
4:36 of 3rd period - Brendan Perlini is hit by Drake Caggiula and loses puck.
4:57 of 3rd period - Slapshot by Nicolas Aube-Kubel.
4:57 of 3rd period - Stopped by Antoine Bibeau without a rebound.
4:58 of 3rd period - Zach Stepan wins face-off versus Zach Aston-Reese in Eagles zone.
5:03 of 3rd period - Slapshot by Nicolas Aube-Kubel.
5:03 of 3rd period - Shot Misses the Net.
5:09 of 3rd period - Wrist shot by Nicolas Aube-Kubel.
5:09 of 3rd period - Shot Misses the Net.
5:11 of 3rd period - Wrist shot by Jamie McGinn.
5:11 of 3rd period - Shot Misses the Net.
5:13 of 3rd period - Slapshot by Michael Prapavessis.
5:13 of 3rd period - Stopped by Antoine Bibeau without a rebound.
5:13 of 3rd period - Minor Penalty to Antoine Bibeau for Slashing.
5:14 of 3rd period - Tomas Tatar wins face-off versus Sergey Kalinin in Eagles zone.
5:49 of 3rd period - Wrist shot by Kerby Rychel.
5:49 of 3rd period - Shot Misses the Net.
6:40 of 3rd period - Joey Laleggia is hit by Nick Cousins and loses puck.
7:13 of 3rd period - Penalty to Zach Aston-Reese is over, Zach Aston-Reese is back on ice.
9:18 of 3rd period - Snap shot by Matteson Iacopelli.
9:18 of 3rd period - Goal by Matteson Iacopelli - Bears : 5 - Eagles : 6.
9:19 of 3rd period - Jonathan Marchessault wins face-off versus Sergey Kalinin in neutral zone.
9:34 of 3rd period - Wrist shot by Tomas Tatar.
9:34 of 3rd period - Stopped by Jake Allen with a rebound.
9:50 of 3rd period - Minor Penalty to Matteson Iacopelli for Roughing.
9:51 of 3rd period - Sergey Kalinin wins face-off versus Tomas Tatar in Eagles zone.
10:02 of 3rd period - Icing by Nick Schmaltz.
10:03 of 3rd period - Tomas Tatar wins face-off versus Nick Schmaltz in Bears zone.
10:32 of 3rd period - Jarred Tinordi is hit by Jake Virtanen and loses puck.
11:50 of 3rd period - Penalty to Matteson Iacopelli is over, Matteson Iacopelli is back on ice.
11:58 of 3rd period - Chris Calhan is hit by Austin Wuthrich and loses puck.
12:45 of 3rd period - Minor Penalty to Mike Hoffman for Slashing.
12:46 of 3rd period - Jonathan Marchessault wins face-off versus Sergey Kalinin in Bears zone.
12:46 of 3rd period - Wrist shot by Nick Cousins.
12:46 of 3rd period - Deflect By Sergey Kalinin.
12:46 of 3rd period - Shot Misses the Net.
12:46 of 3rd period - Puck is out of play.
12:47 of 3rd period - Sergey Kalinin wins face-off versus Tomas Tatar in Bears zone.
14:45 of 3rd period - Penalty to Mike Hoffman is over, Mike Hoffman is back on ice.
14:48 of 3rd period - Nick Schmaltz is hit by Joseph Blandisi and loses puck.
15:09 of 3rd period - Snap shot by Mike Hoffman.
15:09 of 3rd period - Stopped by Antoine Bibeau with a rebound.
16:47 of 3rd period - Snap shot by Tommy Vannelli.
16:47 of 3rd period - Shot Misses the Net.
17:19 of 3rd period - Ryan Murphy is hit by Angelo Esposito and loses puck.
17:20 of 3rd period - Ryan Murphy from Eagles is injured at 17:20 of 3rd period (Groin).
17:21 of 3rd period - Zach Stepan wins face-off versus Zach Aston-Reese in Eagles zone.
17:46 of 3rd period - Austin Wuthrich is hit by Tyler Motte.
17:56 of 3rd period - Snap shot by Anthony Duclair.
17:56 of 3rd period - Shot Misses the Net.
17:58 of 3rd period - Slapshot by John Ramage.
17:58 of 3rd period - Stopped by Jake Allen with a rebound.
18:12 of 3rd period - Snap shot by Sergey Kalinin.
18:12 of 3rd period - Shot Misses the Net.
18:14 of 3rd period - Backhand shot by Tommy Vannelli.
18:14 of 3rd period - Shot Misses the Net.
18:22 of 3rd period - Nick Schmaltz is hit by Drake Caggiula and loses puck.
18:35 of 3rd period - John Ramage is hit by Jake Virtanen.
19:10 of 3rd period - Slapshot by John Ramage.
19:10 of 3rd period - Shot Misses the Net.
19:12 of 3rd period - Snap shot by John Ramage.
19:12 of 3rd period - Stopped by Jake Allen with a rebound.
19:14 of 3rd period - Snap shot by Matteson Iacopelli.
19:14 of 3rd period - Shot Blocked by Joey Laleggia.
19:26 of 3rd period - Bears, Jake Allen is pulled from the net.
19:40 of 3rd period - Wrist shot by Jake Virtanen.
19:40 of 3rd period - Shot Misses the Net.
19:57 of 3rd period - Wrist shot by Matteson Iacopelli.
19:57 of 3rd period - Goal by Matteson Iacopelli - Bears : 5 - Eagles : 7.
19:57 of 3rd period - Jake Allen from Bears was sent back in the game.
19:58 of 3rd period - Sam Steel wins face-off versus Zach Stepan in neutral zone.
Goals for this period are 0 for Bears vs 2 for Eagles.
Shots for this period are 6 for Bears vs 6 for Eagles.